 Dungeon Crawl Stone Soup version 0.29-a0-824-gd827844252 (webtiles) character file.

Game seed: 13020356188210787777

392 coolguy69 the Cutter (level 6, -2/33 HPs)
             Began as a Vine Stalker Berserker on July 10, 2022.
             Was a Believer of Trog.
             Slain by a hound (5 damage)
             ... on level 4 of the Dungeon.
             The game lasted 00:02:47 (2854 turns).

coolguy69 the Cutter (Vine Stalker Berserker)       Turns: 2854, Time: 00:02:47

Health: -2/33      AC: 13    Str: 21    XL:     6   Next: 80%
Magic:  0/7        EV:  8    Int:  7    God:    Trog [**....]
Gold:   90         SH:  0    Dex: 14    Spells: 5/5 levels left

rFire   . . .      SeeInvis .   a - +0 short sword
rCold   . . .      Faith    .   (no shield)
rNeg    . . .      Spirit   +   q - +0 chain mail
rPois   .          Reflect  .   d - +1 helmet
rElec   .          Harm     .   (no cloak)
rCorr   .          Rampage  .   e - +0 pair of gloves
Will    .....                   r - +0 pair of boots
Stlth   ..........              (no amulet)
HPRegen 0.91/turn               (no ring)
MPRegen 0.10/turn               (no ring)

@: confused, on berserk cooldown, slowed, very slow
A: fangs 2, regeneration 1, magic shield, antimagic bite, no potion heal 2
a: Renounce Religion, Berserk, Trog's Hand


You were on level 4 of the Dungeon.
You worshipped Trog.
Trog was pleased with you.
You visited 1 branch of the dungeon, and saw 4 of its levels.

You collected 90 gold pieces.

Inventory:

Hand Weapons
 a - a +0 short sword (weapon)
Armour
 d - a +1 helmet (worn)
 e - a +0 pair of gloves (worn)
 q - a +0 chain mail (worn)
 r - a +0 pair of boots (worn)
Scrolls
 b - a scroll of fog {unknown}
 c - a scroll of amnesia {unknown}
 f - 4 scrolls of teleportation {unknown}
 g - a scroll of torment {unknown}
 i - 2 scrolls of enchant weapon {unknown}
 k - a scroll of vulnerability {unknown}
 l - 6 scrolls of identify {unknown}
 m - a scroll of poison {unknown}
 n - a scroll of magic mapping {unknown}
 p - 2 scrolls of fear {unknown}
Potions
 h - a potion of flight {unknown}
 j - a potion of might {unknown}
 o - a potion of berserk rage {unknown}


   Skills:
 + Level 3.9 Fighting
 + Level 4.8 Short Blades
 + Level 2.3 Armour
 + Level 2.5 Dodging
 + Level 2.6 Stealth


You had 5 spell levels left.
You didn't know any spells.
Your spell library was empty.

Dungeon Overview and Level Annotations

Branches:
Dungeon (4/15)             Temple (0/1) D:4

Altars:
Fedhas
Makhleb
Xom
Zin

Annotations:
D:4 3 runed translucent doors, ihfijgdoutdouutd's ghost, amateur DgHu


Innate Abilities, Weirdness & Mutations

You have extremely sharp teeth.
Your natural rate of healing is unusually fast.
When hurt, damage is shared between your health and your magic reserves.
Your bite disrupts and absorbs the magic of your enemies.
Potions cannot restore your health.


Message History

* * * LOW HITPOINT WARNING * * *
The hound bites you but does no damage. The orc hits you with a +0 dagger.
* * * LOW HITPOINT WARNING * * *
The orc wizard completely misses you.
The orc wizard hits you but does no damage.
You bump into the rock wall.
The hound barely misses you. The orc closely misses you.
The orc wizard hits you but does no damage.
The orc wizard closely misses you. The hound closely misses you.
The orc wizard points at you and mumbles some strange words.
You are more confused.
The orc barely misses you.
The orc wizard hits you with a +0 dagger.
* * * LOW HITPOINT WARNING * * *
The hound closely misses you.
Unknown command.
You're too confused to move!
The hound closely misses you. The orc closely misses you.
The orc wizard barely misses you.
The orc wizard hits you but does no damage.
The hound closely misses you.
Unknown command.
You hit the hound.
The hound is almost dead.
The hound closely misses you. The orc hits you but does no damage.
The orc wizard gestures at you while chanting.
The magic dart hits you but does no damage.
The orc wizard hits you but does no damage.
The hound bites you.
* * * LOW HITPOINT WARNING * * *
You miss the orc wizard. Your bite misses the orc wizard.
The orc hits you but does no damage. The orc wizard closely misses you.
The orc wizard hits you but does no damage.
The hound bites you but does no damage.
The orc wizard hits you with a +0 dagger.
* * * LOW HITPOINT WARNING * * *
The orc wizard hits you with a +0 dagger.
The orc completely misses you.
You hit the orc wizard but do no damage.
The hound bites you.
You die...

#.# #.# #.#
#.####### #
#.####........ #
#............#
..
#.####...###.# #
## #........#
.#.# ######...#
.#.##.#
##.####h.$....
#.###@oo#
#..⌠#⌠)oo#.....$
#....#####[.#
.#.## #...
#+...... ...
##.#.#.# #. ⌠# #
.. # #. # .# .#


You could see a hound, 2 orc wizards and 2 orcs.

Vanquished Creatures
  An ogre (D:4)
  A howler monkey (D:4)
  2 orc priests
  An iguana (D:4)
  An orc wizard (D:3)
  4 adders
  4 gnolls (D:2)
  A worm (D:4)
  A dart slug (D:1)
  7 orcs
  5 ball pythons
  9 endoplasms
  4 giant cockroaches (D:1)
  5 goblins
  4 hobgoblins
  4 jackals (D:1)
  7 kobolds
  8 bats
  6 frilled lizards
  A rat (D:1)
76 creatures vanquished.

Notes
Turn   | Place    | Note
-------+----------+-------------------------------------------
     0 | D:1      | coolguy69 the Vine Stalker Berserker began the quest for
                  | the Orb.
     0 | D:1      | Reached XP level 1. HP: 11/11 MP: 2/2
    19 | D:1      | Reached XP level 2. HP: 16/16 MP: 3/3
   286 | D:1      | Reached skill level 3 in Short Blades
   562 | D:1      | Reached XP level 3. HP: 18/20 MP: 4/4
   624 | D:1      | Found a faded altar of an unknown god.
   823 | D:1      | Reached ** piety under Trog
  1061 | D:2      | Gained mutation: Your natural rate of healing is unusually
                  | fast. [Vine Stalker growth]
  1061 | D:2      | Reached XP level 4. HP: 22/24 MP: 3/5
  1064 | D:2      | Reached skill level 1 in Stealth
  1720 | D:3      | Reached skill level 4 in Short Blades
  1720 | D:3      | Reached XP level 5. HP: 28/28 MP: 6/6
  1795 | D:3      | Found a burning altar of Makhleb.
  1934 | D:3      | Found a blossoming altar of Fedhas.
  2326 | D:3      | Noticed an angel
  2327 | D:3      | Found a glowing silver altar of Zin.
  2334 | D:3      | Found a shimmering altar of Xom.
  2459 | D:4      | HP: 1/43 [orc/+0 falchion (3)]
  2513 | D:4      | Found a runed translucent gate.
  2513 | D:4      | Noticed ihfijgdoutdouutd's ghost (amateur DgHu)
  2514 | D:4      | Found a runed translucent gate.
  2516 | D:4      | Found a runed translucent gate.
  2516 | D:4      | Identified the +3 ring mail "Xawnov" {rElec rN+++ Dex-5
                  | Slay+5}
  2557 | D:4      | Found a staircase to the Ecumenical Temple.
  2636 | D:4      | Reached XP level 6. HP: 33/33 MP: 5/7
  2854 | D:4      | Slain by a hound

Illustrated notes

Levels and vault maps discovered:
D:1:      nzn_arrival_settlement, layout_rooms,
          shapermc_ecumenical_altar_mp_vishouse
D:2:      layout_basic
D:3:      minmay_skewed_foursquare, layout_basic,
          grunt_temple_overflow_order_and_chaos_1, mainiacjoe_overflow_brackets,
          fedhas_altar_3
D:4:      layout_loops_ring, nicolae_overflow_quartered_altars,
          minmay_temple_entry_antechambers, biasface_ghost_orc_armoury

Skill      XL: |  1  2  3  4  5  6 |
---------------+-------------------+-----
Short Blades   | 3 4 |  4.8
Fighting       | 3 |  3.9
Stealth        | 1 2 |  2.6
Dodging        | 2 |  2.5
Armour         | 2 |  2.3

Action                   |  1- 3 |  4- 6 || total
-------------------------+-------+-------++-------
Melee: Short sword       |    92 |   151 ||   243
       Bite              |    18 |    42 ||    60
       Punch             |       |     3 ||     3
Invok: Berserk           |     2 |     3 ||     5
 Stab: Sleeping          |     1 |     3 ||     4
Armor: Animal skin       |    28 |    14 ||    42
       Leather armour    |       |    22 ||    22
       Chain mail        |       |    64 ||    64
Dodge: Dodged            |    67 |    89 ||   156

Table legend: (Time is in decaauts)
 A = Elapsed time spent in this place.
 B = Non-inter-level travel time spent in this place.
 C = Inter-level travel time spent in this place.
 D = Time resting spent in this place.
 E = Time spent auto-exploring this place.
 F = Levels seen in this place.
 G = Mean time per level.
                   A        B        C        D        E       F      G
               +--------+--------+--------+--------+--------+-----+--------+
         Total |   2877 |   2751 |    126 |    153 |   2091 |   4 |  719.2 |
       Dungeon |   2877 |   2751 |    126 |    153 |   2091 |   4 |  719.2 |
               +--------+--------+--------+--------+--------+-----+--------+

Top non-repeatable levels by time:
     D:1: 990 daAuts
     D:3: 742 daAuts
     D:2: 719 daAuts
     D:4: 424 daAuts
